 Dungeon Crawl Stone Soup version 0.24-a0-653-g3936067ed8 (webtiles) character file.

Game seed: 16595559430540457836, levelgen mode: deterministic

1902 Peloso the Carver (level 8, -10/71 HPs)
             Began as a Minotaur Fighter on Sept 27, 2019.
             Mangled by an ogre
             ... wielding a +0 giant spiked club
              (22 damage)
             ... on level 7 of the Dungeon.
             The game lasted 00:13:27 (5609 turns).

Peloso the Carver (Minotaur Fighter)                Turns: 5609, Time: 00:13:28

Health: -10/71     AC: 10    Str: 22    XL:     8   Next: 94%
Magic:  7/7        EV:  7    Int:  7    God:
Gold:   338        SH: 11    Dex: 11    Spells: 7/7 levels left

rFire    + . .     SeeInvis .   a - +1 long sword
rCold    x . .     Gourm    .   c - +0 shield
rNeg     . . .     Faith    .   x - +0 chain mail
rPois    .         Spirit   .   (helmet restricted)
rElec    .         Reflect  .   (no cloak)
rCorr    .         Harm     .   (no gloves)
MR       .....                  (no boots)
Stlth    ..........             (no amulet)
HPRegen  0.21/turn              h - +2 ring of intelligence
MPRegen  0.10/turn              l - ring of fire

@: no status effects
A: retaliatory headbutt, horns 2
a: no special abilities


You were on level 7 of the Dungeon.
You were hungry.

You visited 2 branches of the dungeon, and saw 8 of its levels.

You collected 338 gold pieces.

Inventory:

Hand Weapons
 a - a +1 long sword (weapon)
Armour
 b - a +0 scale mail
 c - a +0 shield (worn)
 x - a +0 chain mail (worn)
Jewellery
 h - a +2 ring of intelligence (left hand)
 l - a ring of fire (right hand)
 n - an uncursed ring of magical power
Wands
 o - a wand of flame (13)
Scrolls
 j - 2 scrolls of magic mapping
 k - a scroll of blinking {unknown}
 m - 6 scrolls of identify
 p - 2 scrolls of teleportation
 t - 6 scrolls of remove curse
 y - a scroll of amnesia {unknown}
 B - 3 scrolls of enchant armour {unknown}
 D - a scroll of noise {unknown}
 E - 2 scrolls of fear {unknown}
Potions
 d - 2 potions of might
 e - 3 potions of curing
 g - 2 potions of ambrosia
 i - 2 potions of cancellation {unknown}
 s - a potion of agility {unknown}
 u - 3 potions of mutation {unknown}
 v - 2 potions of brilliance {unknown}
 w - a potion of lignification {unknown}
 z - a potion of magic {unknown}
 A - a potion of flight {unknown}
Comestibles
 f - 12 rations


   Skills:
 + Level 6.5 Fighting
 + Level 8.4 Long Blades
 + Level 7.7 Armour
 + Level 2.2 Dodging
 + Level 1.0 Stealth
 + Level 7.3 Shields


You had 7 spell levels left.
You didn't know any spells.
Your spell library contained the following spells:

 Spells                   Type           Power        Failure   Level  Hunger
 Magic Dart               Conj           #...         100%        1    ##.....
 Summon Small Mammal      Summ           #...         100%        1    ##.....
 Call Imp                 Summ           #.......     100%        2    ###....
 Call Canine Familiar     Summ           #.......     100%        3    ####...
 Summon Guardian Golem    Hex/Summ       #.......     100%        3    ####...
 Summon Ice Beast         Ice/Summ       #.......     100%        4    #####..
 Summon Lightning Spire   Summ/Air       #.......     100%        4    #####..


Dungeon Overview and Level Annotations

Branches:
Dungeon (7/15)             Temple (1/1) D:4

Altars:
Ashenzari
Cheibriados
Dithmenos
Fedhas
Hepliaklqana
Kikubaaqudgha
Nemelex Xobeh
Okawaru
Qazlal
Ru
Sif Muna
Trog
Uskayaw
Vehumet
Wu Jian
Xom
Yredelemnul
Zin
The Shining One

Shops:
D:6 *

Annotations:
D:3 1 runed translucent door, hemabe's ghost, amateur HuAr


Innate Abilities, Weirdness & Mutations

You reflexively headbutt those who attack you in melee.
You have a pair of horns on your head.


Message History

You kill the howler monkey!
Your Stealth skill increases to level 1!
The howler monkey barely misses you. You block the howler monkey's attack.
The ogre hits you with a +0 giant spiked club!
The howler monkey barely misses you.
Found 17 gold pieces and a scroll of remove curse.
You see here a hippogriff corpse.
You slash the ogre!
The ogre is moderately wounded.
The howler monkey hits you.
The ogre hits you with a +0 giant spiked club!
* * * LOW HITPOINT WARNING * * *
Your chain mail prevents you from hitting the ogre.
The ogre is moderately wounded.
You block the howler monkey's attack.
You hit the ogre.
The ogre is heavily wounded.
The ogre hits you with a +0 giant spiked club!!
You die...

..?$......
.........#
#.........
.........##
........#
##.......### #..
#.O....#
##.###@##.## ..
#...#h!#...#
#..##.#......##
##....#.......#
#............##
>.....#.....##
.........##.#.....#
............#....##
.......##..#....###


You could see an ogre and a howler monkey.

Vanquished Creatures
  A hippogriff (D:7)
  Sigmund (D:2)
  An ice beast (D:7)
  2 phantoms (D:4)
  6 bullfrogs
  2 howler monkeys
  2 hounds
  2 orc priests
  A jelly (D:5)
  A quasit (D:4)
  A bullfrog skeleton (D:5)
  An iguana (D:5)
  5 orc wizards
  4 worker ants
  A hound skeleton (D:3)
  A howler monkey zombie (D:6)
  A worker ant zombie (D:6)
  7 gnolls
  11 adders
  A shadow imp (D:5)
  An ooze (D:1)
  An adder zombie (D:5)
  4 worms
  A dart slug (D:4)
  7 leopard geckos
  32 orcs
  6 giant cockroaches
  9 goblins
  10 hobgoblins
  10 jackals
  7 kobolds
  2 quokkas
  2 ball pythons
  6 bats
  7 frilled lizards
  A rat (D:3)
  A spectral orc (D:2)
159 creatures vanquished.

Notes
Turn   | Place    | Note
-------+----------+-------------------------------------------
     0 | D:1      | Peloso the Minotaur Fighter began the quest for the Orb.
     0 | D:1      | Reached XP level 1. HP: 19/19 MP: 0/0
   101 | D:1      | Reached XP level 2. HP: 27/27 MP: 1/1
   529 | D:1      | Reached XP level 3. HP: 33/33 MP: 2/2
   810 | D:2      | Noticed Sigmund
  1053 | D:2      | Reached skill level 3 in Long Blades
  1054 | D:2      | Reached XP level 4. HP: 15/40 MP: 3/3
  1106 | D:2      | Found a basalt altar of Yredelemnul.
  1217 | D:2      | Reached skill level 4 in Long Blades
  1307 | D:2      | Killed Sigmund
  1307 | D:2      | Reached skill level 5 in Armour
  1307 | D:2      | Reached skill level 5 in Shields
  1307 | D:2      | Reached XP level 5. HP: 22/47 MP: 4/4
  1307 | D:2      | Reached XP level 6. HP: 25/53 MP: 5/5
  1331 | D:2      | Found a hazy altar of Hepliaklqana.
  1562 | D:3      | Reached skill level 5 in Long Blades
  1672 | D:3      | Reached skill level 1 in Dodging
  1840 | D:3      | Found a runed translucent door.
  1840 | D:3      | Noticed hemabe's ghost (amateur HuAr)
  2103 | D:3      | Reached XP level 7. HP: 60/60 MP: 6/6
  2397 | D:3      | Reached skill level 6 in Long Blades
  2415 | D:3      | Found a radiant altar of Vehumet.
  2415 | D:3      | Found an ancient bone altar of Kikubaaqudgha.
  2416 | D:3      | Found a shimmering blue altar of Sif Muna.
  2421 | D:3      | Identified Vehumet's Volume of Confrontation
  2511 | D:4      | Reached skill level 5 in Fighting
  2621 | D:4      | Found a stormy altar of Qazlal.
  2837 | D:4      | Found an iron altar of Okawaru.
  2878 | D:4      | Found a staircase to the Ecumenical Temple.
  3135 | Temple   | Entered the Ecumenical Temple
  3377 | D:5      | Entered Level 5 of the Dungeon
  3474 | D:4      | Reached skill level 7 in Long Blades
  3970 | D:5      | Reached XP level 8. HP: 65/69 MP: 7/7
  4641 | D:6      | Found a sparkling altar of Nemelex Xobeh.
  4834 | D:6      | Found Ciefev's Assorted Antiques.
  4959 | D:6      | Found a sacrificial altar of Ru.
  5029 | D:6      | Found a glowing silver altar of Zin.
  5323 | D:7      | Reached skill level 8 in Long Blades
  5590 | D:7      | Noticed a hippogriff
  5599 | D:7      | Killed a hippogriff
  5605 | D:7      | Reached skill level 1 in Stealth
  5609 | D:7      | Mangled by an ogre

Levels and vault maps discovered:
D:1:      lightli_arrival_flooded_house, layout_basic, skrybe_limestone_x,
          minmay_lizard_king
D:2:      layout_basic, yredelemnul_forgotten_temple_becter,
          nicolae_overflow_crystal_walls, uniq_sigmund
D:3:      layout_loops_corners, grunt_temple_overflow_magic_moments,
          first_ration, hellmonk_ghost_happy_afterlife
D:4:      layout_cave_pools, old_standard_altar, kennysheep_mini_moat,
          temple_green, mrwooster_statue_mirror, hangedman_decor_points
D:5:      layout_loops_ring
D:6:      layout_loops_cross, nemelex_xobeh_ov_fountains_minmay,
          nicolae_ru_great_annihilating_truth, overflow_temple_1_default,
          serial_shops, nicolae_shop_overgrown_old_shop
D:7:      layout_cave_pools, marbit_many_paths, lightli_temple_of_fire,
          old_standard_altar, uniq_harold
Temple:   nicolae_temple_figure_zero

Skill      XL: |  1  2  3  4  5  6  7  8 |
---------------+-------------------------+-----
Fighting       | 4 5 6 |  6.5
Armour         | 4 5 6 7 |  7.7
Shields        | 4 5 6 7 |  7.3
Long Blades    | 3 4 5 7 8 |  8.4
Dodging        | 1 2 |  2.2
Stealth        | 1 |  1.0

Action                   |  1- 3 |  4- 6 |  7- 9 || total
-------------------------+-------+-------+-------++-------
Melee: Long sword        |    97 |   121 |   293 ||   511
       Headbutt          |    13 |    22 |    56 ||    91
  Use: Potion            |       |     1 |       ||     1
       Scroll            |       |       |     7 ||     7
 Stab: Invisible         |       |       |     1 ||     1
       Paralysed         |       |       |     1 ||     1
  Eat: Chunk             |       |     4 |    11 ||    15
Armor: Scale mail        |    32 |    39 |       ||    71
       Chain mail        |       |     9 |   141 ||   150
Dodge: Dodged            |    33 |    36 |    71 ||   140
Block: Shield            |    52 |    60 |   190 ||   302
       Rpst.: Long sword |     6 |    10 |    18 ||    34

Table legend:
 A = Non-vault XP
 B = Vault XP
 C = Vault XP percentage of total XP
 D = Non-vault monster count
 E = Vault monster count
 F = Vault count percentage of total count
                 A         B        C        D         E       F
            +---------+---------+-------+---------+---------+-------
      Total |    2450 |     268 |   9.9 |     148 |      11 |   6.9
            +---------+---------+-------+---------+---------+-------
        D:1 |      40 |       7 |  14.9 |      19 |       5 |  20.8
        D:2 |     129 |     232 |  64.3 |      21 |       2 |   8.7
        D:3 |     355 |       0 |   0.0 |      39 |       0 |   0.0
        D:4 |     416 |       0 |   0.0 |      24 |       0 |   0.0
        D:5 |     465 |       0 |   0.0 |      25 |       0 |   0.0
        D:6 |     261 |      29 |  10.0 |       8 |       4 |  33.3
        D:7 |     784 |       0 |   0.0 |      12 |       0 |   0.0
            +---------+---------+-------+---------+---------+-------
